Cogmind - Beta 17 @@@ ROGUE MODE // 2026.08.06 @ 21:07:33 Player: hellbent Result: Destroyed by L-41 Fighter with Axe Performance ------------- Evolutions (3) 1500 Regions Visited (5) 1000 Robots Destroyed (123) 615 Value Destroyed (4016) 4016 Prototype IDs (12) 240 Alien Tech Used (0) 0 Bonus (130) 130 TOTAL SCORE: 7501 Bonus ------- High Alert Combat Kills 130 Cogmind --------- Core Integrity 0/700 Matter 6/300 Energy 100/100 System Corruption 3% Temperature Cool (0) Movement Rolling (165) Ox5 Location -7/Factory Parts ------- > --- POWER (1) -------- (None) > --- PROPULSION (3) --- Compact Wheel > --- UTILITY (6) ------ Improved Heat Sink Coolant Injector Huge Storage Unit Improved Salvage Targeting Computer Armor Integrity Analyzer Transmission Jammer > --- WEAPON (3) ------- Enhanced Autogun Precision Grenade Launcher > --- INVENTORY (25) --- Compact Wheel Compact Wheel Xenon Bombardment Thruster Improved Heat Sink Large Battery (200) Large Matter Pod (0) Signal Interpreter Matter Filter ECM Suite Drone Bay (2/2) Enhanced Autogun Grenade Launcher Mini Grenade Launcher Axe Peak State ------------ > --- POWER ------------ (None) > --- PROPULSION ------- Wheel Wheel > --- UTILITY ---------- Improved Heat Sink Coolant Injector Huge Storage Unit Improved Salvage Targeting Computer Armor Integrity Analyzer Transmission Jammer > --- WEAPON ----------- Enhanced Autogun Enhanced Autogun Precision Grenade Launcher > --- INVENTORY -------- Light Nuclear Core Compact Wheel Compact Wheel Compact Wheel Improved Heat Sink Large Battery Large Matter Pod Signal Interpreter Matter Filter ECM Suite Drone Bay Enhanced Autogun Grenade Launcher Mini Grenade Launcher Axe [Rating: 38] Favorites ----------- Power Improved Ion Engine Engine Improved Ion Engine Power Core Light Nuclear Core Propulsion Compact Wheel Treads Light Treads Wheel Compact Wheel Utility Huge Storage Unit Device Improved Heat Sink Storage Huge Storage Unit Processor Signal Interpreter Protection Hardened Light Armor Plating Weapon Flak Cannon Energy Gun Spread Laser Energy Cannon Particle Cannon Ballistic Gun Enhanced Autogun Ballistic Cannon Flak Cannon Launcher Mini Grenade Launcher Slashing Weapon Mining Claw Build | -11 -10 -9 -9 -8 -7 ------- Run | Yrd Mat Mat Sto Mat Fac Slots Evolved 6 | . . 2 . 2 2 Power . | . . . . . . Propulsion 1 | . . . . . 1 Utility 4 | . . 2 . 1 1 Weapon 1 | . . . . 1 . Parts Attached 89 | 6 9 11 14 10 39 Power 12 | 1 2 2 . . 7 Engine 10 | 1 2 2 . . 5 Core 2 | . . . . . 2 Reactor . | . . . . . . Propulsion 25 | 2 4 2 6 2 9 Treads 7 | . 2 1 2 . 2 Leg . | . . . . . . Wheel 18 | 2 2 1 4 2 7 Hover . | . . . . . . Flight . | . . . . . . Utility 22 | 1 2 3 5 3 8 Device 10 | . . . 2 3 5 Storage 2 | 1 1 . . . . Processor 4 | . 1 1 . . 2 Hackware . | . . . . . . Protection 6 | . . 2 3 . 1 Artifact . | . . . . . . Weapon 30 | 2 1 4 3 5 15 Energy Gun 12 | 1 1 1 1 3 5 Energy Cannon 2 | . . 1 . . 1 Ballistic Gun 5 | 1 . . . . 4 Ballistic Cannon 5 | . . 2 1 1 1 Launcher 5 | . . . . 1 4 Special Weapon . | . . . . . . Impact Weapon . | . . . . . . Slashing Weapon 1 | . . . 1 . . Piercing Weapon . | . . . . . . Special Melee Weapon . | . . . . . . Unidentified Prototypes 8 | . . . . 1 7 Parts Lost 49 | . . . 2 8 39 Power 8 | . . . . . 8 Propulsion 18 | . . . . 2 16 Utility 7 | . . . 1 3 3 Weapon 16 | . . . 1 3 12 Highest Loss Streak 10 | . . . 2 7 10 To Critical Strikes . | . . . . . . Average Backups 22 | 2 14 24 24 24 21 Power 3 | . 2 4 3 3 2 Propulsion 7 | . 5 6 8 9 6 Utility 5 | . 3 5 4 5 7 Weapon 6 | . 3 8 7 5 4 Tool/Special . | . . . . . . Unused Backups 20 | . 2 4 2 1 11 Power 2 | . . . 2 . . Propulsion 1 | . . . . . 1 Utility 8 | . 1 . . . 7 Weapon 9 | . 1 4 . 1 3 Tool/Special . | . . . . . . Average Slot Usage (%) 92 | . 96 88 99 87 88 Engine 8 | . 14 11 11 8 5 Treads 3 | . 2 4 4 5 . Wheel 16 | . 25 17 17 10 16 Device 13 | . . . 10 11 21 Storage 9 | . 14 11 11 9 7 Processor 11 | . 10 12 11 9 13 Protection 5 | . . 10 10 6 . Energy Gun 10 | . 16 12 10 10 9 Ballistic Gun 2 | . 12 . . . 3 Ballistic Cannon 7 | . . 5 10 13 4 Launcher 1 | . . . . 2 1 Peak Build Rating 38 | 6 11 21 21 23 38 Average Rating 22 | 4 8 16 17 20 32 On Entrance 13 | . 6 11 21 17 23 Avg Prop Armor Cover (%) 12 | . . . . 15 11 Naked Turns . | . . . . . . Heaviest Build 114 | 12 90 114 114 111 106 Greatest Support 42 | 32 40 40 40 40 42 Greatest Overweight (x) 10 | . 2 3 3 5 10 Average Overweight (x) 3 | . 1 2 2 3 3 Largest Inventory Capacity 25 | 8 25 25 25 25 25 Average Capacity 24 | 6 23 25 25 25 25 Most Carried 25 | 4 23 25 25 25 25 Average Carried 22 | 2 14 24 24 24 21 Final Capacity 25 | 8 25 25 25 25 25 Final Carried 25 | 4 23 25 25 25 14 Class Distribution -------------------- 59% | Mutant 23% | Gunner 6% | Tank 5% | Scavenger-Gunner 3% | Scavenger-Tank Dominant Class ---------------- Mutant | -10/Materials Mutant | -9/Materials Mutant | -9/Storage Tank | -8/Materials Gunner | -7/Factory Resources | -11 -10 -9 -9 -8 -7 ----------- Run | Yrd Mat Mat Sto Mat Fac Matter Collected 3032 | 188 239 297 523 690 1095 Remotely . | . . . . . . Salvage Created 3138 | . 306 113 524 681 1514 Parts 192 | . 17 5 37 41 92 Haulers Intercepted 5 | . . 1 . 2 2 Recyclers Shooed 5 | . . . . 3 2 Parts Field Recycled . | . . . . . . Retrieved Matter . | . . . . . . Parts Self-Destructed . | . . . . . . Prevented . | . . . . . . Parts Restored . | . . . . . . Kills | -11 -10 -9 -9 -8 -7 ------- Run | Yrd Mat Mat Sto Mat Fac Combat Hostiles Destroyed 83 | . 8 2 17 22 34 Guns 36 | . 8 1 8 4 15 Cannons 24 | . . . 9 8 7 AOE 23 | . . 1 . 10 12 Classes Destroyed 13 | . 3 3 . 3 4 Worker 11 | . . 1 . 4 6 Builder 8 | . . . . . 8 Tunneler 1 | . . . . . 1 Hauler 5 | . . 1 . 2 2 Recycler 5 | . . . . 1 4 Operator 1 | . . . . 1 . Watcher 9 | . 2 . 2 1 4 Swarmer 13 | . 3 . 2 4 4 Grunt 45 | . 5 . 5 15 20 Duelist 1 | . . . . . 1 Sentry 17 | . . 2 10 2 3 Hunter 2 | . . . . 1 1 Programmer 5 | . . . . . 5 Best Kill Streak 13 | . 7 3 6 6 13 Combat Bots Only 7 | . 7 1 5 5 5 Max Kills in Single Turn 5 | . 1 2 2 2 5 Gunslinging . | . . . . . . Exploded 2 | . . 1 . 2 2 Melee . | . . . . . . Uniques/NPCs Destroyed . | . . . . . . Combat | -11 -10 -9 -9 -8 -7 -------- Run | Yrd Mat Mat Sto Mat Fac Hostile Shots Fired 550 | . 43 12 67 102 326 Missed 169 | . 15 1 11 36 106 Hits 381 | . 28 11 56 66 220 Melee 8 | . . . . . 8 Projectile 373 | . 28 11 56 66 212 Critical Strikes 9 | . . . 3 . 6 Damage Taken 5889 | . 301 161 942 1076 3409 Core 1207 | . 101 15 111 248 732 Absorbed by Shields . | . . . . . . Regen/Repaired (Parts) 86 | . . . 38 48 . Core Remaining (%) 70 | 100 59 . 68 54 . Volleys Fired 265 | . 32 7 45 65 116 Largest 3 | . 2 2 2 3 3 Hottest 139 | . 115 121 102 139 134 Shots Fired 512 | . 63 11 63 134 241 Gun 320 | . 63 9 44 48 156 Cannon 143 | . . 2 19 75 47 Launcher 49 | . . . . 11 38 Special . | . . . . . . Kinetic 218 | . 30 2 19 75 92 Thermal 235 | . 33 9 44 48 101 Explosive 49 | . . . . 11 38 Electromagnetic 10 | . . . . . 10 Robot Hit Streak 12 | . 7 11 10 8 12 Robot Miss Streak 11 | . 5 2 6 11 10 Penetration Max . | . . . . . . Secondary Targets 2 | . 1 . . . 1 Max Gunslinging Chain 1 | . 1 . . . 1 Shots Hit Robots 393 | . 35 11 62 115 170 Core Hits 401 | . 19 6 82 115 179 Critical Kills . | . . . . . . Critical Parts Destroyed . | . . . . . . Critical Strikes . | . . . . . . Melee Attacks 1 | . . . 1 . . Impact . | . . . . . . Slashing 1 | . . . 1 . . Piercing . | . . . . . . Sneak Attacks . | . . . . . . Combat Hostiles . | . . . . . . Follow-up Attacks . | . . . . . . Damage Inflicted 10647 | . 458 538 1138 2774 5739 Guns 3768 | . 458 136 609 574 1991 Cannons 2065 | . . 53 477 783 752 Explosions 4814 | . . 349 52 1417 2996 Melee . | . . . . . . Ramming . | . . . . . . Kinetic 2849 | . 197 53 477 783 1339 Thermal 3215 | . 261 136 609 574 1635 Explosive 4418 | . . 349 52 1417 2600 Electromagnetic 165 | . . . . . 165 Impact . | . . . . . . Slashing . | . . . . . . Piercing . | . . . . . . Highest Corruption 5 | . . . . 5 3 Average Corruption 2 | . . . . 4 2 Corruption Purged . | . . . . . . Corruption Blocked . | . . . . . . Effects 18 | . . . . 6 12 Message Errors 5 | . . . . 1 4 Matter Fused 5 | . . . . 3 2 Heat Flow Errors 5 | . . . . 1 4 Energy Discharges 1 | . . . . . 1 Parts Rejected 1 | . . . . . 1 Parts Fused 1 | . . . . 1 . Overload Shots . | . . . . . . Overflow Damage 320 | . . 26 . 53 241 Projectiles 12 | . . . . . 12 Explosions 308 | . . 26 . 53 229 Melee . | . . . . . . Knockbacks 57 | . . . 2 38 17 Impact . | . . . . . . Kinetic 55 | . . . 2 36 17 Secondary 2 | . . . . 2 . Self-Inflicted Damage 493 | . . . 194 72 227 Shots 11 | . . . 3 1 7 Rammed . | . . . . . . Targets Rammed . | . . . . . . Kicked . | . . . . . . Crushed . | . . . . . . Highest Temperature 438 | . 171 264 354 438 228 Average Temperature 79 | . 51 132 90 107 42 Received Heat Transfer 1767 | . 111 45 285 387 939 Effects 5 | . . . 3 1 1 Energy Bleed 1 | . . . 1 . . Interference 2 | . . . . 1 1 Damage (minor) 2 | . . . 2 . . Siege Activations . | . . . . . . Martial Activations . | . . . . . . Shielding Activations . | . . . . . . Robots Disrupted . | . . . . . . Combat Hostiles . | . . . . . . Robots Corrupted . | . . . . . . Combat Hostiles . | . . . . . . Parts Fried 1 | . . . . . 1 Impact Corruptions . | . . . . . . Robots Melted . | . . . . . . Combat Hostiles . | . . . . . . Parts Melted 7 | . . 3 1 1 2 Heat Transferred 4781 | . 703 333 765 849 2131 Parts Sabotaged . | . . . . . . Parts Stolen . | . . . . . . Parts Stripped . | . . . . . . Power Chain Reactions . | . . . . . . Alert | -11 -10 -9 -9 -8 -7 ------- Run | Yrd Mat Mat Sto Mat Fac Maximum Alert Level 2 | . . . 1 1 2 Low Security (%) 79 | 100 100 100 96 42 68 Level 1 10 | . . . 3 57 4 Level 2 9 | . . . . . 26 Level 3 . | . . . . . . Level 4 . | . . . . . . Level 5 . | . . . . . . High Security . | . . . . . . Max Security . | . . . . . . Peak Influence 630 | . 155 105 232 324 630 Initial 133 | . . 22 37 94 133 Average 118 | . 58 12 39 202 194 Influence Increases 2990 | . 245 142 586 696 1321 Destroy 0b10 Robot/C 1660 | . 160 40 340 440 680 Destroy 0b10 Robot/NC 200 | . 10 10 10 45 125 Destroy Leader 446 | . 34 22 124 96 170 Successful Hack 39 | . 10 7 12 6 4 Disable Machine 345 | . 15 45 60 30 195 Destroy Structure 225 | . 1 18 40 64 102 Lose Combat Pursuer 75 | . 15 . . 15 45 Influence Decreases 2383 | . 191 107 451 626 1008 Entered New Map 375 | . . 32 52 130 161 Time Decay 1545 | . 191 75 379 416 484 Lost Part 463 | . . . 20 80 363 Squads Dispatched 25 | . 1 . 1 7 16 Investigation . | . . . . . . Extermination 5 | . . . . . 5 Reinforcement 11 | . 1 . 1 4 5 Assault 2 | . . . . . 2 Garrison 7 | . . . . 3 4 Intercept . | . . . . . . Searches Triggered . | . . . . . . Construction Impeded 2 | . . . . 1 1 Haulers Reinforced 1 | . . . . . 1 Active Scanning Responses . | . . . . . . Cargo Convoy Interrupts . | . . . . . . Stealth | -11 -10 -9 -9 -8 -7 --------- Run | Yrd Mat Mat Sto Mat Fac Distress Signals 6 | . . . . 4 2 Communications Jammed 40 | . . . . . 40 Distress Signals 39 | . . . . . 39 Times Spotted 139 | . 15 2 22 40 60 Peak Tracking Total 8 | . 8 1 4 8 7 Tactical Retreats 5 | . 1 . . 1 3 Traps | -11 -10 -9 -9 -8 -7 ------- Run | Yrd Mat Mat Sto Mat Fac Traps Triggered 5 | . . . 2 3 . Indirectly . | . . . . . . Trap Hack Attempts . | . . . . . . Triggered . | . . . . . . Disarmed . | . . . . . . Reprogrammed . | . . . . . . Reused . | . . . . . . Traps Extracted . | . . . . . . Installed . | . . . . . . Triggered . | . . . . . . Machines | -11 -10 -9 -9 -8 -7 ---------- Run | Yrd Mat Mat Sto Mat Fac Machines Disabled 23 | . 1 3 4 2 13 Max in Single Turn 4 | . 1 2 2 2 4 Machines Repaired . | . . . . . . Machines Dismantled . | . . . . . . Machines Sabotaged . | . . . . . . Overloaded Fab Kills . | . . . . . . Hacking | -11 -10 -9 -9 -8 -7 --------- Run | Yrd Mat Mat Sto Mat Fac Machines Accessed 24 | . 4 2 9 5 4 Terminals 16 | . 3 2 7 3 1 Fabricators . | . . . . . . Repair Stations 2 | . . . 1 1 . Recycling Units 2 | . 1 . 1 . . Scanalyzers 3 | . . . . 1 2 Garrison Access 1 | . . . . . 1 Total Hacks 61 | . 11 7 19 14 10 Successful 32 | . 6 3 11 6 6 Failed 27 | . 5 4 8 7 3 Catastrophic 4 | . 1 1 1 . 1 Database Lockouts 2 | . . . . 1 1 Manual 29 | . 7 7 6 7 2 Terminals 43 | . 9 7 15 9 3 Fabricators . | . . . . . . Repair Stations 4 | . . . 2 2 . Recycling Units 4 | . 2 . 2 . . Scanalyzers 9 | . . . . 3 6 Garrison Access 1 | . . . . . 1 Terminal Hacks 13 | . 4 2 6 . 1 Part Schematic 1 | . . 1 . . . Robot Schematic 1 | . . . 1 . . Prototype ID Bank 2 | . 1 1 . . . Open Door 2 | . . . 2 . . Locate Traps 4 | . 1 . 2 . 1 Recall Reinforcements 1 | . 1 . . . . Hauler Manifests 2 | . 1 . 1 . . Fabricator Hacks . | . . . . . . Repair Station Hacks 4 | . . . 2 2 . Scan Component 2 | . . . 1 1 . Repair 2 | . . . 1 1 . Recycling Unit Hacks 2 | . . . 2 . . Process 1 | . . . 1 . . Retrieve Matter 1 | . . . 1 . . Scanalyzer 7 | . . . . 2 5 Insert Component 3 | . . . . 1 2 Analyze 1 | . . . . . 1 Retrieve Study 3 | . . . . 1 2 Garrison Access Hacks . | . . . . . . Unauthorized Hacks 6 | . 2 1 1 2 . Terminals 6 | . 2 1 1 2 . Botnet 6 | . 2 1 1 2 . Fabricators . | . . . . . . Repair Stations . | . . . . . . Recycling Units . | . . . . . . Scanalyzers . | . . . . . . Garrison Access . | . . . . . . Data Cores Recovered . | . . . . . . Used . | . . . . . . Hacking Detections 22 | . 4 2 8 5 3 Full Trace Events . | . . . . . . Feedback Events . | . . . . . . Feedback Blocked . | . . . . . . Robot Schematics Acquired 1 | . . . 1 . . Robots Built . | . . . . . . Authchips . | . . . . . . Time . | . . . . . . Total Robot Build Rating . | . . . . . . Part Schematics Acquired 1 | . . 1 . . . Parts Built . | . . . . . . Authchips . | . . . . . . Time . | . . . . . . Total Part Build Rating . | . . . . . . Part Studies Acquired 3 | . . . . 1 2 Parts Repaired 2 | . . . 1 1 . Time 48 | . . . 32 16 . Parts Recycled . | . . . . . . Recycled Matter 119 | . . . 119 . . Retrieved Matter 119 | . . . 119 . . Retrieved Components . | . . . . . . Parts Scanalyzed 1 | . . . . . 1 Part Schematics Acquired . | . . . . . . Parts Damaged . | . . . . . . Bothacking | -11 -10 -9 -9 -8 -7 ------------ Run | Yrd Mat Mat Sto Mat Fac Used RIF Installer . | . . . . . . Robots Hacked . | . . . . . . Non-combat . | . . . . . . Combat . | . . . . . . Robot Hacks Applied . | . . . . . . Relay Couplers Released . | . . . . . . Fabnet Peak Effective % . | . . . . . . Robots Rewired . | . . . . . . Allies Hacked . | . . . . . . Hacks Repelled . | . . . . . . Allies | -11 -10 -9 -9 -8 -7 -------- Run | Yrd Mat Mat Sto Mat Fac Total Allies . | . . . . . . Largest Group . | . . . . . . Highest-Rated Group . | . . . . . . Highest-Rated Ally . | . . . . . . Total Orders . | . . . . . . Ally Attacks . | . . . . . . Total Damage . | . . . . . . Kills . | . . . . . . Allies Corrupted . | . . . . . . Allies Melted . | . . . . . . Intel | -11 -10 -9 -9 -8 -7 ------- Run | Yrd Mat Mat Sto Mat Fac Active Infowar (turns) 4915 | . . 68 2205 677 1965 Optics 68 | . . 68 . . . Seismic 2882 | . . . 2205 677 . Jamming 1965 | . . . . . 1965 Robot Analysis Total . | . . . . . . Derelict Logs Recovered . | . . . . . . Drone Launches . | . . . . . . Drone Recoveries . | . . . . . . Exploration | -11 -10 -9 -9 -8 -7 ------------- Run | Yrd Mat Mat Sto Mat Fac Turns Passed 7315 | 56 686 554 2295 1012 2712 Spaces Moved 3264 | 44 426 284 535 420 1555 Core 1 | 1 . . . . . Treads 89 | . 1 19 20 49 . Legs . | . . . . . . Wheels 3174 | 43 425 265 515 371 1555 Hover . | . . . . . . Flight . | . . . . . . Fastest Speed 50 | 50 100 130 135 130 106 Average Speed 139 | 98 126 156 150 166 129 Slowest Speed 320 | 100 320 320 320 320 220 Overloaded Moves . | . . . . . . Propulsion Burnouts . | . . . . . . Robots Hopped . | . . . . . . Potential Cave-ins . | . . . . . . Cave-ins Triggered . | . . . . . . Exploration Rate (%) 42 | 3 71 21 79 39 42 Regions Visited 5 Branch Regions 1 Pre-discovered Areas . | . . . . . . Known Exits Taken 4 | . 1 1 1 1 . Unknown Exits Taken 1 | 1 . . . . . Scrap Searched . | . . . . . . Spaces Dug . | . . . . . . Terrain Destroyed 286 | . . 23 37 73 153 Melee . | . . . . . . Projectile . | . . . . . . AOE 286 | . . 23 37 73 153 Terrain Rammed . | . . . . . . Walls Destroyed . | . . . . . . Machines Disabled . | . . . . . . Actions | -11 -10 -9 -9 -8 -7 --------- Run | Yrd Mat Mat Sto Mat Fac Total 5552 | 53 507 385 1951 602 2054 Wait 1766 | . 17 58 1312 83 296 Move 3259 | 43 425 283 534 419 1555 Hop . | . . . . . . Pick Up 47 | 4 18 8 4 4 9 Fast Attach 63 | 6 4 7 6 9 31 Attach 28 | . . . 3 3 22 Detach 7 | . 2 . 3 1 1 Swap 63 | . 6 8 27 14 8 Drop 45 | . 3 14 8 4 16 Fire 265 | . 32 7 45 65 116 Melee 1 | . . . 1 . . Ram . | . . . . . . Kick . | . . . . . . Crush . | . . . . . . Escape Stasis 8 | . . . 8 . . Rewire . | . . . . . . Trap . | . . . . . . Miscellaneous . | . . . . . . Route ------- -11/Scrapyard -10/Materials (discovered 4 exits: *Mat x2 / [*Min x2]) -9/Materials (discovered 2 exits: [*Min] / *Sto) -9/Storage -8/Materials -7/Factory (discovered 1 exit: *Low) History --------- Turn | Location | Event 17 | -11/Scrapyard | Discovered new exit (range 15) 57 | -11/Scrapyard | Entered Materials 312 | -10/Materials | Build established: Mutant 326 | -10/Materials | Discovered new exit (range 14) 412 | -10/Materials | Destroyed 7 combat bots 429 | -10/Materials | Discovered new exit (range 14) 606 | -10/Materials | Discovered new exit (range 16) 657 | -10/Materials | Derelicts attacked the area 709 | -10/Materials | Discovered new exit (range 12) 742 | -10/Materials | Identified exit to Materials 743 | -10/Materials | Entered another Materials area 743 | -9/Materials | Evolved 2 slots: Utility x2 1130 | -9/Materials | Discovered new exit (range 12) 1154 | -9/Materials | Discovered new exit (range 12) 1288 | -9/Materials | Identified exit to Storage 1297 | -9/Materials | Entered Storage 1932 | -9/Storage | Repaired Spread Laser 3546 | -9/Storage | Discovered new exit (range 16) 3591 | -9/Storage | Identified exit to Materials 3592 | -9/Storage | Entered Materials 3592 | -8/Materials | Evolved 2 slots: Utility x1, Weapon x1 3623 | -8/Materials | Repaired Imp. Ion Engine 3662 | -8/Materials | Central database locked down 3721 | -8/Materials | Garrison activated, responded to threat 4328 | -8/Materials | Lost 7 parts (2n3u2w) 4579 | -8/Materials | Discovered new exit (range 15) 4602 | -8/Materials | Identified exit to Factory 4604 | -8/Materials | Entered Factory 4604 | -7/Factory | Evolved 2 slots: Propulsion x1, Utility x1 4815 | -7/Factory | Build established: Scavenger-Gunner 5090 | -7/Factory | Discovered new exit (range 10) 5101 | -7/Factory | Identified exit to Lower Caves 5257 | -7/Factory | Build established: Gunner 5592 | -7/Factory | Central database locked down 5939 | -7/Factory | Garrison activated, responded to threat 6119 | -7/Factory | Lost 3 parts (1n1u1w) 6508 | -7/Factory | Lost 3 parts (1n2w) 6514 | -7/Factory | Build established: Mutant 6591 | -7/Factory | Core integrity fell below 50% 6642 | -7/Factory | Garrison activated, responded to threat 6655 | -7/Factory | Lost 10 parts (3p4n1u2w) 6682 | -7/Factory | Core integrity fell below 20% 6719 | -7/Factory | Lost 5 parts (1p1u3w) 6868 | -7/Factory | Lost 4 parts (1p3n) 6976 | -7/Factory | Build established: Gunner 7004 | -7/Factory | First assault squad dispatched 7070 | -7/Factory | Lost 3 parts (2n1w) 7316 | -7/Factory | Destroyed by L-41 Fighter with Axe Last Messages --------------- 07106_ U-05 Engineer lays Concrete. 07125_ The unstable cave ceiling collapses. 07126_ System corrupted: Energy discharge (-62). 07161_ K-01 Serf cleans the Neutrino Reactor. 07170_ Acquired Xenon Bombardment Thruster. 07172_ K-01 Serf cleans the Neutrino Reactor. 07185_ EQ:A: